 Dungeon Crawl Stone Soup version 0.28-a0-823-gb444dcf96d (webtiles) character file.

Game seed: 16950536503360187884

2426 gimp the Chucker (level 9, 0/65 HPs)
             Began as a Djinni Wanderer on Nov 9, 2021.
             Was an Initiate of Okawaru.
             Slain by a killer bee (4 damage)
             ... on level 6 of the Dungeon.
             The game lasted 00:16:13 (10102 turns).

gimp the Chucker (Djinni Wanderer)                 Turns: 10102, Time: 00:16:14

Health: 0/65       AC: 12    Str: 15    XL:     9   Next: 77%
Gold:   242        EV:  6    Int: 12    God:    Okawaru [......] SH:  5 Dex: 14

rFire   + + +      SeeInvis .   b - +2 flail (venom)
rCold   x . .      Faith    .   o - +0 buckler
rNeg    . . .      Spirit   .   r - +0 chain mail
rPois   ∞          Reflect  .   i - +0 helmet
rElec   .          Harm     .   p - +1 cloak
rCorr   .          Rampage  .   (no gloves)
Will    .....                   (boots unavailable)
Stlth   ..........              e - amulet of the acrobat
HPRegen 0.20/turn               s - ring of protection from fire
MPRegen 0.00/turn               (no ring)

@: flying, hasted, very quick
A: sickness immunity, fire resistance 2, cold vulnerability 1, float, innate
caster, hp casting, extra vitality 1
a: Renounce Religion


You were on level 6 of the Dungeon.
You worshipped Okawaru.
Okawaru was noncommittal.
You visited 2 branches of the dungeon, and saw 7 of its levels.

You collected 278 gold pieces.
You spent 36 gold pieces at shops.

Inventory:

Hand Weapons
 a - a +1 dagger of venom
 b - a +2 flail of venom (weapon)
 k - a +0 flail
Missiles
 d - 29 poisoned darts (quivered)
Armour
 i - a +0 helmet (worn)
 o - a +0 buckler (worn)
 p - a +1 cloak (worn)
 r - a +0 chain mail (worn)
Jewellery
 e - an amulet of the acrobat (around neck)
 s - a ring of protection from fire (left hand)
Scrolls
 c - 3 scrolls of teleportation
 g - a scroll of torment {unknown}
 h - a scroll of vulnerability
 j - a scroll of amnesia {unknown}
 m - a scroll of holy word
 q - a scroll of fog
Potions
 f - 3 potions of attraction


   Skills:
 - Level 5.0 Fighting
 * Level 5.5(5.6) Maces & Flails
 - Level 1.0(3.9) Staves
 * Level 5.7 Throwing
 - Level 4.0 Armour
 - Level 3.2 Stealth
 - Level 4.0 Shields
 - Level 2.4 Spellcasting
 + Level 0.1 Invocations


You had 4 spell levels left.
You knew the following spells:

 Your Spells              Type           Power      Damage    Failure   Level
a - Summon Small Mammal   Summ           28%        N/A       88%         1
b - Ensorcelled Hibernat  Hex/Ice        14%        N/A       95%         2
c - Call Imp              Summ           7%         N/A       95%         2
d - Mephitic Cloud        Conj/Pois/Air  7%         N/A       99%         3
Your spell library was empty.

Dungeon Overview and Level Annotations

Branches:
Dungeon (6/15)             Temple (1/1) D:6

Altars:
Ashenzari
Cheibriados
Dithmenos
Fedhas
Gozag
Nemelex Xobeh
Okawaru
Qazlal
Ru
Sif Muna
Uskayaw
Wu Jian
Xom
Zin
The Shining One

Shops:
D:2 !(*(*


Innate Abilities, Weirdness & Mutations

You are immune to sickness and miasma.
You are immune to poison.
Your flesh is very heat resistant. (rF++)
You are vulnerable to cold. (rC-)
You float through the air rather than walking.
You learn spells naturally, not from books.
Your magical power is your life essence.
You have superior vitality. (+4 HP)


Message History

You block the killer bee's attack.
You barely miss the killer bee. You block the killer bee's attack.
The killer bee stings you but does no damage.
You block the killer bee's attack. The killer bee completely misses you.
You see here a Young Poisoner's Handbook.
You barely miss the killer bee.
The killer bee stings you but does no damage.
The killer bee barely misses you.
The killer bee stings you but does no damage.
You completely miss the killer bee.
The killer bee is severely wounded.
The killer bee stings you.
* * * LOW HITPOINT WARNING * * *
The killer bee stings you.
* * * LOW HITPOINT WARNING * * *
The killer bee stings you!
* * * LOW HITPOINT WARNING * * *
The killer bee stings you but does no damage.
You take 14 damage, and have 3/65 hp.
MASSIVE DAMAGE!!
You feel better. You block the killer bee's attack. The killer bee stings you.
* * * LOW HITPOINT WARNING * * *
The killer bee stings you but does no damage. x2
You regained 9 hp, and now have 12/65 hp.
You feel yourself speed up. The killer bee stings you.
* * * LOW HITPOINT WARNING * * *
The killer bee stings you but does no damage.
The killer bee stings you.
* * * LOW HITPOINT WARNING * * *
You block the killer bee's attack.
You take 8 damage, and have 4/65 hp.
You closely miss the killer bee.
The killer bee is severely wounded.
The killer bee barely misses you.
The killer bee stings you but does no damage.
You miss the killer bee.
The killer bee is severely wounded.
The killer bee stings you but does no damage.
The killer bee barely misses you. The killer bee stings you.
You die...

###...#.###.#.###................
......#..†..#......#'###......###
.........#.....#.......#.......#.
....#....#.###.#.......#.......#.
....'.y..#.....#.......#.........
....#.......#..........######.#..
... #.......#.###......##.(.###..
## #'###.(.#.:yy..#####.....##..
............#@.....#.......#..
.............#......#..._......
..............#......#.......#..
.....................##.....##..
....................##...###'#
.....................#######..
....................#........
...................#........
..............#........


You could see 2 killer bees.

Vanquished Creatures
  An ugly thing (D:6)
  2 steam dragons (D:5)
  A water moccasin (D:4)
  An ice beast (D:6)
  A necrophage (D:5)
  A black bear (D:5)
  3 ogres (D:5)
  A centaur (D:6)
  A phantom (D:3)
  A kobold brigand (D:6)
  A bullfrog (D:6)
  A scorpion (D:4)
  A water moccasin skeleton (D:5)
  A killer bee (D:6)
  A centaur zombie (D:6)
  A hound (D:6)
  4 orc priests
  A bullfrog skeleton (D:6)
  A centaur skeleton (D:5)
  6 orc wizards
  5 iguanas
  A hound zombie (D:5)
  A howler monkey skeleton (D:4)
  7 adders
  A shadow imp (D:6)
  2 adder skeletons (D:4)
  4 dart slugs
  19 orcs
  9 ball pythons
  4 endoplasms
  A giant cockroach (D:1)
  4 hobgoblins
  6 jackals (D:4)
  3 kobolds
  4 quokkas
  4 bats
  3 frilled lizards (D:1)
  5 goblins
  3 rats
117 creatures vanquished.

Vanquished Creatures (others)
  A bullfrog skeleton (D:6)
1 creature vanquished.

Grand Total: 118 creatures vanquished

Notes
Turn   | Place    | Note
-------+----------+-------------------------------------------
     0 | D:1      | gimp the Djinni Wanderer began the quest for the Orb.
     0 | D:1      | Reached XP level 1. HP: 17/17 MP: 0/0
   295 | D:1      | Found a faded altar of an unknown god.
   401 | D:1      | Reached XP level 2. HP: 13/22 MP: 0/0
  1117 | D:1      | Reached skill level 1 in Armour
  1202 | D:2      | Found Xaiheibb's Assorted Antiques.
  1241 | D:2      | Reached XP level 3. HP: 14/29 MP: 0/0
  1241 | D:2      | Learned a level 1 spell: Summon Small Mammal
  1446 | D:2      | Found Womulepp's General Store.
  1475 | D:2      | Bought a potion of curing for 36 gold pieces
  1582 | D:2      | Found Idyrpheot's Antique Weapon Shop.
  2134 | D:2      | Reached XP level 4. HP: 32/34 MP: 0/0
  2428 | D:2      | Found Fiph's Distillery.
  2485 | D:2      | Found Naverph's Antique Weapon Shop.
  3338 | D:3      | Found a stormy altar of Qazlal.
  3338 | D:3      | Noticed a fire elemental
  3343 | D:3      | Noticed an earth elemental
  3344 | D:3      | Noticed a water elemental
  3344 | D:3      | Noticed an air elemental
  4066 | D:4      | Reached XP level 5. HP: 38/40 MP: 0/0
  4066 | D:4      | Learned a level 2 spell: Ensorcelled Hibernation
  4391 | D:3      | Reached skill level 1 in Shields
  4724 | D:3      | Reached XP level 6. HP: 8/47 MP: 0/0
  5398 | D:4      | Noticed a water moccasin
  5422 | D:4      | Killed a water moccasin
  5423 | D:4      | Reached XP level 7. HP: 25/53 MP: 0/0
  5423 | D:4      | Learned a level 2 spell: Call Imp
  6267 | D:5      | Entered Level 5 of the Dungeon
  6537 | D:5      | Reached skill level 5 in Fighting
  6557 | D:5      | Reached skill level 1 in Maces & Flails
  6557 | D:5      | Reached XP level 8. HP: 13/59 MP: 0/0
  6826 | D:5      | Found a broken altar of Ashenzari.
  6854 | D:5      | Found an opulent altar of Gozag.
  7447 | D:5      | Found a shimmering altar of Xom.
  7447 | D:5      | Found a hide-covered altar of Uskayaw.
  8194 | D:6      | Found a staircase to the Ecumenical Temple.
  8240 | Temple   | Entered the Ecumenical Temple
  8453 | D:5      | Reached XP level 9. HP: 27/65 MP: 0/0
  8453 | D:5      | Learned a level 3 spell: Mephitic Cloud
  9105 | D:6      | Noticed a cyan ugly thing
  9132 | D:6      | Killed a cyan ugly thing
  9133 | D:6      | Reached skill level 5 in Maces & Flails
  9133 | D:6      | Reached skill level 5 in Throwing
  9716 | D:6      | Identified the +1 whip of the Shining Light {freeze, *Slow
                  | rF+++ Will++ Str-3}
  9967 | D:6      | Found an iron altar of Okawaru.
  9986 | D:6      | Became a worshipper of Warmaster Okawaru
 10098 | D:6      | HP: 3/65 [killer bee (8)]
 10102 | D:6      | Slain by a killer bee

Illustrated notes

Levels and vault maps discovered:
D:1:      amcnicky_arrival_double_pillar, layout_loops_cross,
          ebering_ecumenical_altar_webs, minmay_lizard_pond
D:2:      layout_loops_ring, serial_shops,
          nicolae_shop_competitors_out_of_business, shop, shop,
          nicolae_shop_overgrown_old_shop, nicolae_lakefront_shop
D:3:      layout_loops_ring, nicolae_qazlal_style_of_elements
D:4:      layout_basic
D:5:      layout_cave_pods, nicolae_gozag_seed_capital,
          nicolae_overflow_crystal_walls, mainiacjoe_overflow_alcove_4,
          gammafunk_temple_overflow_wave, ebering_ghost_gozag
D:6:      hangedman_cross_stitches, layout_gridville, lemuel_round_altar,
          minmay_temple_entry_tees, serial_glass, glass_columns_b,
          glass_columns_a
Temple:   kb_temple_of_zot

Skill      XL: |  1  2  3  4  5  6  7  8  9 |
---------------+----------------------------+-----
Fighting       | 2 3 4 5 |  5.0
Armour         | 1 2 3 4 |  4.0
Shields        | 1 2 4 |  4.0
Maces & Flails | 1 3 5 |  5.5
Throwing       | 4 5 |  5.7
Staves         | |  1.0
Stealth        | |  3.2
Spellcasting   | |  2.4
Invocations    | |  0.1

Action                   |  1- 3 |  4- 6 |  7- 9 || total
-------------------------+-------+-------+-------++-------
Melee: Dagger            |    92 |   182 |   371 ||   645
       Flail             |       |       |    28 ||    28
Throw: Dart              |       |       |     1 ||     1
  Use: Scroll            |       |     1 |     6 ||     7
       Potion            |       |     2 |     6 ||     8
 Stab: Sleeping          |     6 |     6 |       ||    12
       Invisible         |       |       |     4 ||     4
Armor: Robe              |     8 |     3 |       ||    11
       Leather armour    |       |    44 |    11 ||    55
       Chain mail        |       |       |   265 ||   265
       Skin              |       |       |     8 ||     8
Dodge: Dodged            |    43 |   103 |   143 ||   289
Block: Buckler           |       |    12 |   111 ||   123

Table legend: (Time is in decaauts)
 A = Elapsed time spent in this place.
 B = Non-inter-level travel time spent in this place.
 C = Inter-level travel time spent in this place.
 D = Time resting spent in this place.
 E = Time spent auto-exploring this place.
 F = Levels seen in this place.
 G = Mean time per level.
                   A        B        C        D        E       F      G
               +--------+--------+--------+--------+--------+-----+--------+
         Total |  10117 |   9816 |    301 |   1617 |   6457 |   7 | 1445.3 |
       Dungeon |   9785 |   9499 |    286 |   1396 |   6370 |   6 | 1630.8 |
        Temple |    332 |    317 |     15 |    221 |     87 |   1 |  332.0 |
               +--------+--------+--------+--------+--------+-----+--------+

Top non-repeatable levels by time:
     D:5: 2109 daAuts
     D:3: 1850 daAuts
     D:2: 1704 daAuts
     D:6: 1397 daAuts
     D:1: 1389 daAuts
     D:4: 1333 daAuts
  Temple: 332 daAuts
